 Dungeon Crawl Stone Soup version 0.31.0-32-g396128a36d (webtiles) character file.

Game seed: 13713349939493351249

7110 Cheops the Cleaver (level 10, -10/84 HPs)
             Began as a Minotaur Fighter on Apr 5, 2024.
             Was a Priest of Okawaru.
             Mangled by a komodo dragon (14 damage)
             ... on level 10 of the Dungeon.
             The game lasted 00:24:48 (12960 turns).

Cheops the Cleaver (Minotaur Fighter)              Turns: 12960, Time: 00:24:49

Health: -10/84     AC: 10    Str: 24    XL:     10   Next: 85%
Magic:  15/15      EV: 10    Int:  5    God:    Okawaru [***...]
Gold:   430        SH:  6    Dex: 11    Spells: 9/9 levels left

rFire   + . .        a - +2 war axe (elec)
rCold   . . .        c - +0 buckler
rNeg    . . .        s - +3 leather armour
rPois   .            (helmet restricted)
rElec   .            C - +1 cloak
rCorr   .            w - +1 pair of gloves
SInv    .            (no boots)
Will    +....        (no amulet)
Stlth   +            g - ring of protection from fire
HPRegen 0.34/turn    F - ring of willpower
MPRegen 0.14/turn

%: no passive effects
@: no status effects
A: horns 2, retaliatory headbutt
a: Renounce Religion, Heroism


You were on level 10 of the Dungeon.
You worshipped Okawaru.
Okawaru was most pleased with you.
You visited 2 branches of the dungeon, and saw 11 of its levels.
You also visited: Sewer.

You collected 430 gold pieces.

Inventory:

Hand Weapons
 a - a +2 war axe of electrocution (weapon)
 b - a +3 hand axe
 j - a +3 hand axe
 A - a +2 antimagic battleaxe
Missiles
 E - 2 throwing nets (quivered)
Armour
 c - a +0 buckler (worn)
 r - a +0 scale mail
 s - a +3 leather armour (worn)
 w - a +1 pair of gloves (worn)
 C - a +1 cloak (worn)
Jewellery
 g - a ring of protection from fire (left hand)
 F - a ring of willpower (right hand)
Wands
 u - a wand of flame (19)
 v - a wand of roots (18)
 I - a wand of digging (8)
Scrolls
 k - a scroll of blinking
 n - 3 scrolls of poison {unknown}
 o - a scroll of torment {unknown}
 q - a scroll of silence {unknown}
 t - 3 scrolls of vulnerability {unknown}
 x - 2 scrolls of noise {unknown}
 y - a scroll of fear
 z - a scroll of enchant weapon
 B - 2 scrolls of revelation
Potions
 d - 2 potions of might
 e - 3 potions of attraction
 f - 3 potions of curing
 h - 3 potions of mutation
 i - 2 potions of haste
 l - a potion of berserk rage
 m - a potion of invisibility
 p - 2 potions of enlightenment
 D - a potion of magic


   Skills:
 + Level 6.5 Fighting
 - Level 14.0 Axes
 - Level 3.6 Armour
 - Level 10.0 Shields
 - Level 8.0 Invocations


You had 9 spell levels left.
You didn't know any spells.
Your spell library contained the following spells:

 Spells                   Type           Power      Damage    Failure   Level
 Necrotise                Necr           0%         1d4       56%         1
 Vampiric Draining        Necr           0%         2d6       90%         3
 Volatile Blastmotes      Fire/Tloc      0%         2d10      90%         3
 Fulminant Prism          Conj/Alch      0%         3d5       100%        4
 Iskenderun's Mystic Bla  Conj/Tloc      0%         2d3       100%        4
 Vhi's Electric Charge    Tloc/Air       0%         N/A       100%        4
 Arcjolt                  Conj/Air       0%         1d10      100%        5
 Curse of Agony           Necr           0%         N/A       100%        5
 Plasma Beam              Fire/Air       0%         2x1d10    100%        6
 Martyr's Knell           Necr/Summ      Unusable   N/A       N/A         4

Dungeon Overview and Level Annotations

Branches:
Dungeon (10/15)            Temple (1/1) D:5           Sewer (visited)
   Lair: D:8-11         Orc: D:9-12

Altars:
Ashenzari
Cheibriados
Dithmenos
Elyvilon
Fedhas
Hepliaklqana
Kikubaaqudgha
Makhleb
Nemelex Xobeh
Okawaru
Qazlal
Ru
Sif Muna
Trog
Uskayaw
Vehumet
Wu Jian
Xom
Yredelemnul
Zin
The Shining One

Annotations:
D:4 1 runed translucent door, Squishy's ghost, novice MfGl


Innate Abilities, Weirdness & Mutations

You have a pair of horns on your head.
You reflexively headbutt those who attack you in melee.


Message History

Okawaru accepts your kill.
You closely miss the orc. The orc hits you but does no damage.
You hit the orc. Lightning courses through the orc!
You kill the orc!
Okawaru accepts your kill.
A magic dart appears from out of thin air!
The magic dart hits you.
* * * LOW HITPOINT WARNING * * *
The acid dragon spits acid at you. You block the splash of acid.
Unknown command.
Unknown command.
Unknown command.
You closely miss the orc. You headbutt the orc.
You kill the orc!
Okawaru accepts your kill. The acid dragon spits acid at you.
The splash of acid hits something.
The acid corrodes something!
You slash something! Okawaru accepts your kill.
Reactivating autopickup.
You feel a bit more experienced.
You slash the komodo dragon! Your headbutt misses the komodo dragon.
The komodo dragon is lightly wounded.
The komodo dragon bites you!
* * * LOW HITPOINT WARNING * * *
Unknown command.
Unknown command.
You hit the komodo dragon. You headbutt the komodo dragon!
The komodo dragon is heavily wounded.
You hit the komodo dragon but do no damage.
Lightning courses through the komodo dragon!
You headbutt the komodo dragon, but do no damage.
The komodo dragon is severely wounded.
The komodo dragon bites you!!
* * * LOW HITPOINT WARNING * * *
You closely miss the komodo dragon. Your headbutt misses the komodo dragon.
The komodo dragon is severely wounded.
The komodo dragon bites you!
You die...

### ####.#######
.#.##...Dl@....##
#........###....##
oo.....####.###..####
##### ..###.# ###
###...###.... ##
####†..#### #####


You could see a komodo dragon and an acid dragon.

Vanquished Creatures
  Grinder (D:6)
  3 wyverns
  8 yaks
  4 steam dragons
  A basilisk (D:10)
  2 vampire mosquitoes (D:9)
  A water moccasin (D:9)
  4 sky beasts
  4 orc warriors
  3 ice beasts
  A centaur (D:9)
  2 ogres (D:6)
  A phantom (D:5)
  5 bullfrogs
  Blork the orc (D:5)
  A kobold brigand (D:8)
  4 scorpions
  15 wights
  5 killer bees (D:9)
  A bombardier beetle (D:3)
  6 orc priests
  Crazy Yiuf (D:5)
  A hound (D:5)
  8 jellies
  2 gnoll boudas
  4 iguanas
  Terence (D:2)
  8 orc wizards
  A hell rat (Sewer)
  16 gnolls
  4 adders
  3 river rats
  4 shadow imps (D:7)
  A white imp (D:6)
  4 ufetubi
  3 dart slugs
  3 ribbon worms
  29 orcs
  5 bats
  5 endoplasms
  6 giant cockroaches
  12 goblins
  12 hobgoblins
  7 jackals
  8 kobolds
  5 quokkas
  9 ball pythons
  5 frilled lizards
  4 rats
244 creatures vanquished.

Vanquished Creatures (others)
  A quokka (D:6)
1 creature vanquished.

Grand Total: 245 creatures vanquished

Notes
Turn   | Place    | Note
-------+----------+-------------------------------------------
     0 | D:1      | Cheops the Minotaur Fighter began the quest for the Orb.
     0 | D:1      | Reached XP level 1. HP: 19/19 MP: 0/0
   119 | D:1      | Reached skill level 3 in Axes
   121 | D:1      | Reached XP level 2. HP: 16/26 MP: 1/1
   299 | D:1      | HP: 1/26 [poisoned by a goblin]
   471 | D:1      | Reached skill level 4 in Axes
   628 | D:1      | Reached XP level 3. HP: 31/31 MP: 2/2
  1049 | D:2      | Reached skill level 5 in Axes
  1086 | D:2      | Noticed Terence
  1099 | D:2      | Killed Terence
  1100 | D:2      | Reached XP level 4. HP: 29/39 MP: 3/3
  1249 | D:2      | Reached skill level 6 in Axes
  1252 | D:2      | Reached XP level 5. HP: 22/45 MP: 4/4
  1637 | D:3      | Reached skill level 7 in Axes
  1672 | D:3      | Found a glowing drain.
  1676 | Sewer    | Entered a sewer
  1921 | D:3      | Reached XP level 6. HP: 51/51 MP: 5/5
  2161 | D:3      | Found a faded altar of an unknown god.
  2255 | D:4      | Reached skill level 8 in Axes
  2728 | D:4      | Reached skill level 9 in Axes
  2728 | D:4      | Reached XP level 7. HP: 48/57 MP: 6/6
  3039 | D:4      | Found a runed translucent door.
  3039 | D:4      | Noticed Squishy's ghost (novice MfGl)
  3205 | D:5      | Entered Level 5 of the Dungeon
  3308 | D:5      | Reached skill level 10 in Axes
  3545 | D:5      | Reached skill level 11 in Axes
  3592 | D:5      | Found an ancient bone altar of Kikubaaqudgha.
  3700 | D:5      | Found a staircase to the Ecumenical Temple.
  3837 | D:5      | Noticed Blork the orc
  3843 | D:5      | Killed Blork the orc
  3844 | D:5      | Reached XP level 8. HP: 55/64 MP: 1/7
  4156 | D:5      | Found a runed translucent door.
  4157 | D:5      | Noticed Crazy Yiuf
  4321 | D:5      | Killed Crazy Yiuf
  4402 | D:6      | Found a shimmering blue altar of Sif Muna.
  4506 | D:6      | Reached skill level 12 in Axes
  4834 | D:6      | Found a radiant altar of Vehumet.
  4978 | D:6      | Found a white marble altar of Elyvilon.
  5015 | D:6      | Noticed Grinder
  5026 | D:6      | Killed Grinder
  5027 | D:6      | Reached skill level 13 in Axes
  6230 | D:3      | Found a faded altar of an unknown god.
  6934 | D:4      | Found a runed translucent door.
  7425 | D:5      | Found an ancient bone altar of Kikubaaqudgha.
  7489 | D:5      | Found a staircase to the Ecumenical Temple.
  8283 | D:6      | Reached skill level 14 in Axes
  8283 | D:6      | Reached XP level 9. HP: 48/70 MP: 8/8
  8371 | D:6      | Found a shimmering blue altar of Sif Muna.
  8583 | D:6      | Found a white marble altar of Elyvilon.
  8825 | D:6      | Found a radiant altar of Vehumet.
  9257 | Temple   | Entered the Ecumenical Temple
  9507 | D:7      | Reached skill level 5 in Shields
  9663 | D:7      | Found an iron altar of Okawaru.
  9666 | D:7      | Found a blossoming altar of Fedhas.
  9671 | D:7      | Found a hide-covered altar of Uskayaw.
  9752 | D:7      | Became a worshipper of Warmaster Okawaru
 10229 | D:8      | Reached * piety under Okawaru
 11191 | D:9      | Reached skill level 10 in Shields
 11191 | D:9      | Reached skill level 1 in Invocations
 11249 | D:9      | Found an ornate altar of the Wu Jian Council.
 11315 | D:9      | Reached XP level 10. HP: 55/77 MP: 11/11
 11391 | D:9      | Reached ** piety under Okawaru
 11527 | D:10     | Entered Level 10 of the Dungeon
 11822 | D:9      | Reached skill level 5 in Invocations
 12318 | D:9      | Reached *** piety under Okawaru
 12529 | D:9      | Found a bloodstained altar of Trog.
 12807 | D:10     | Reached skill level 5 in Fighting
 12959 | D:10     | HP: 4/84 [komodo dragon (21)]
 12960 | D:10     | Mangled by a komodo dragon

Illustrated notes

Levels and vault maps discovered:
D:1:      minmay_arrival_doors, layout_basic, minmay_fountain_box,
          minmay_domino_2
D:2:      layout_rooms, uniq_terence
D:3:      layout_basic, shapermc_ecumenical_altar_acropolis,
          mainiacjoe_sewer_entry_somewhere_in_here_2
D:4:      nicolae_cairo_tiling_large_dashed, layout_basic,
          gammafunk_ghost_grave, corexii_hall_statues_deadend
D:5:      layout_gridville, mainiacjoe_overflow_surrounded_room,
          temple_fountains, minivault_5, serial_bayou_lake_a,
          uniq_crazy_yiuf_cottage, uniq_blork_the_orc
D:6:      layout_basic, elyvilon_altar_4, mainiacjoe_overflow_brackets,
          mainiacjoe_overflow_alcove_4, uniq_grinder
D:7:      layout_gridville, grunt_temple_overflow_diamond
D:8:      layout_basic, serial_corexii_hall, chequers_hall_statues_wall_a,
          corexii_hall_statues_deadend
D:9:      layout_long_grid, trog_butcher_becter, mainiacjoe_overflow_24_doors
D:10:     layout_basic, grunt_gozag_statues, erik_lair_dragon
Temple:   nicolae_temple_hex_pool

Skill      XL: |  1  2  3  4  5  6  7  8  9 10 |
---------------+-------------------------------+-----
Axes           | 3 4 5 6 7 9 11 14 | 14.0
Shields        | 10 | 10.0
Invocations    | 3 8 |  8.0
Fighting       | 6 |  6.5
Armour         | |  3.6

Action                     |  1- 3 |  4- 6 |  7- 9 | 10-12 || total
---------------------------+-------+-------+-------+-------++-------
  Melee: War axe           |    97 |    78 |   239 |   130 ||   544
         Headbutt          |    11 |    13 |    37 |    25 ||    86
         Hand axe          |       |    37 |       |       ||    37
 Invoke: Heroism           |       |       |       |     1 ||     1
  Evoke: Wand              |       |       |     1 |       ||     1
    Use: Potion            |     2 |       |       |     1 ||     3
         Scroll            |       |     6 |     7 |     2 ||    15
 Armour: Scale mail        |    66 |    49 |       |       ||   115
         Leather armour    |       |    14 |   122 |   117 ||   253
  Dodge: Dodged            |    42 |    47 |    87 |    41 ||   217
  Block: Buckler           |    20 |    16 |    47 |    31 ||   114
